 Dungeon Crawl Stone Soup version 0.19-a0-957-gf4ea323 (webtiles) character file.

80 Mesmaeker13 the Skirmisher (level 4, -1/46 HPs)
             Began as an Ogre Artificer on July 10, 2016.
             Slain by a worm (7 damage)
             ... on level 2 of the Dungeon.
             The game lasted 00:04:39 (2354 turns).

Mesmaeker13 the Skirmisher (Ogre Artificer)         Turns: 2354, Time: 00:04:40

Health: -1/46      AC:  4    Str: 17    XL:     4   Next: 39%
Magic:  5/5        EV: 10    Int: 11    God:
Gold:   103        SH:  0    Dex: 10    Spells: 0 memorised, 3 levels left

rFire  . . .     SeeInvis .     i - +0 club
rCold  . . .     Gourm    .     b - +0 robe
rNeg   . . .     Faith    .     (no shield)
rPois  .         Spirit   .     (helmet restricted)
rElec  .         Dismiss  .     a - +0 cloak
rCorr  .         Reflect  .     (gloves unavailable)
SustAt .         Harm     .     (boots unavailable)
MR     .....                    (no amulet)
Stlth  +.........               (no ring)
                                (no ring)

@: not resistant to hostile enchantments, very unstealthy
A: unfitting armour, tough skin 1
a: no special abilities


You were on level 2 of the Dungeon.
You were very hungry.

You visited 1 branch of the dungeon, and saw 2 of its levels.

You collected 103 gold pieces.

Inventory:

Hand Weapons
 i - a +0 club (weapon)
Armour
 a - a +0 cloak (worn)
 b - a +0 robe (worn)
Jewellery
 j - an uncursed ring of sustain attributes {unknown}
Wands
 c - a wand of flame (15/48)
 d - a wand of enslavement (15/24)
 e - a wand of random effects (15/48)
Scrolls
 g - 2 scrolls of teleportation {unknown}
 h - a scroll of fog {unknown}
 n - a scroll of magic mapping {unknown}
 o - a scroll of noise {unknown}
Potions
 k - a potion of heal wounds {unknown}
 m - a potion of resistance {unknown}
Comestibles
 f - a bread ration
 l - a slice of pizza


   Skills:
 + Level 3.6 Fighting
   Level 0.5 Short Blades
 + Level 2.3 Maces & Flails
 - Level 2.6 Dodging
 - Level 0.7 Stealth
 - Level 2.5 Evocations


You had 3 spell levels left.
You didn't know any spells.

Dungeon Overview and Level Annotations

Branches:
Dungeon (2/15)

Altars:


Innate Abilities, Weirdness & Mutations

You are too large for most types of armour.
You have tough skin. (AC +1)


Message History

You hit the worm but do no damage.
The worm is heavily wounded.
The worm bites you.
* * * LOW HITPOINT WARNING * * *
You hit the worm but do no damage.
The worm is moderately wounded.
The worm misses you.
You hit the worm.
The worm is heavily wounded.
You hit the worm but do no damage.
The worm is heavily wounded.
The worm bites you.
* * * LOW HITPOINT WARNING * * *
You hit the worm.
The worm is heavily wounded.
The worm closely misses you.
You hit the worm.
The worm is heavily wounded.
The worm bites you!
You die...

................ ...
................ ..
................ #.#
................ ..
................ #
#.######...######## ##
#.# ..# #...########
.#...# ###w#
#........... ...###
#..@# #...........
...... #...+
#........... ..####
####...+#####..........
......
#..........##..........
...##.
#..........##..........
w.##
#..........##..........
...
#..........##.)........
#.##
#######.......#########
.. ####.......#


You could see a worm.

Vanquished Creatures
  An adder (D:1)
  2 oozes
  A worm (D:2)
  A giant gecko (D:2)
  5 bats
  4 giant cockroaches
  8 goblins
  5 hobgoblins
  12 jackals
  A quokka (D:2)
  3 giant newts
  3 kobolds
  6 rats
52 creatures vanquished.

Notes
Turn   | Place    | Note
-------+----------+-------------------------------------------
     0 | D:1      | Mesmaeker13 the Ogre Artificer began the quest for the Orb.
     0 | D:1      | Reached XP level 1. HP: 19/19 MP: 2/2
    42 | D:1      | Reached skill level 2 in Fighting
    42 | D:1      | Reached XP level 2. HP: 17/28 MP: 3/3
   674 | D:1      | Reached XP level 3. HP: 36/36 MP: 4/4
  1135 | D:2      | Reached skill level 1 in Maces & Flails
  1224 | D:1      | Reached skill level 3 in Fighting
  1605 | D:2      | Reached XP level 4. HP: 30/45 MP: 5/5
  2354 | D:2      | Slain by a worm

Vault maps used:
D:1:      enne_arrival_octagon_isle
D:2:      kennysheep_big_flooded_room, minmay_misc_feat_diagonals,
          kennysheep_small_spiral

Skill      XL: |  1  2  3  4 |
---------------+-------------+-----
Dodging        | 2 |  2.6
Fighting       | 2 3 |  3.6
Maces & Flails | 1 2 |  2.3
Short Blades   | |  0.5
Stealth        | |  0.7
Evocations     | |  2.5

Action                   |  1- 3 |  4- 6 || total
-------------------------+-------+-------++-------
Melee: Short sword       |    38 |       ||    38
       Club              |   121 |   110 ||   231
 Stab: Sleeping          |     1 |       ||     1
  Eat: Chunk             |     2 |     2 ||     4
Armor: Robe              |    90 |    41 ||   131
Dodge: Dodged            |   117 |    52 ||   169
